 Dungeon Crawl Stone Soup version 0.30-a0-358-g0d69a1922f (webtiles) character file.

Game seed: 10551508739716251120

106 koil the Chopper (level 4, 0/38 HPs)
             Began as a Hill Orc Reaver on Nov 8, 2022.
             Was an Initiate of Okawaru.
             Slain by Grinder (9 damage)
             ... on level 3 of the Dungeon.
             The game lasted 00:06:57 (2145 turns).

koil the Chopper (Hill Orc Reaver)                  Turns: 2145, Time: 00:06:57

Health: 0/38       AC:  9    Str: 15 (16) XL:     4   Next: 84%
Magic:  7/7        EV:  6    Int: 12 (13) God:    Okawaru [......]
Gold:   51         SH:  0    Dex:  6 (9)  Spells: 6/7 levels left

rFire   . . .      SeeInvis .    a - +0 hand axe
rCold   . . .      Faith    .    (no shield)
rNeg    . . .      Spirit   .    r - +0 chain mail
rPois   .          Reflect  .    (no helmet)
rElec   .          Harm     .    (no cloak)
rCorr   .          Rampage  .    (no gloves)
Will    .....                    h - +0 pair of boots
Stlth   ..........               (no amulet)
HPRegen 0.26/turn                (no ring)
MPRegen 0.10/turn                (no ring)

@: brilliant
A: no striking features
a: Renounce Religion


You were on level 3 of the Dungeon.
You worshipped Okawaru.
Okawaru was noncommittal.
You visited 1 branch of the dungeon, and saw 3 of its levels.

You collected 111 gold pieces.
You spent 60 gold pieces at shops.

Inventory:

Hand Weapons
 a - a +0 hand axe (weapon)
 b - a +1 vorpal sling
Missiles
 q - 5 poisoned darts
Armour
 h - a +0 pair of boots (worn)
 j - a +0 ring mail
 m - a +0 leather armour
 r - a +0 chain mail (worn)
Jewellery
 i - a +6 ring of intelligence
 k - a ring of fire
Scrolls
 c - a scroll of summoning {unknown}
 d - a scroll of magic mapping {unknown}
 g - a scroll of vulnerability {unknown}
 l - 2 scrolls of identify {unknown}
 o - a scroll of enchant armour {unknown}
 p - a scroll of poison {unknown}
 t - a scroll of amnesia {unknown}
 u - a scroll of enchant weapon {unknown}
 v - a scroll of teleportation {unknown}
Potions
 e - 2 potions of heal wounds


   Skills:
 + Level 3.3 Fighting
 + Level 4.6 Axes
 + Level 1.3 Armour
 + Level 2.2 Dodging
 + Level 2.0 Spellcasting
 + Level 3.4 Conjurations
 + Level 0.6 Invocations


You had 6 spell levels left.
You knew the following spells:

 Your Spells              Type           Power      Damage    Failure   Level
a - Kiss of Death         Conj/Necr      32%        2d7       97%         1

Your spell library contained the following spells:

 Spells                   Type           Power      Damage    Failure   Level
 Momentum Strike          Conj/Tloc      16%        3d8       99%         2
 Static Discharge         Conj/Air       16%        2-3/arc   99%         2
 Cigotuvi's Dreadful Rot  Necr/Pois/Air  2%         N/A       100%        2
 Poisonous Vapours        Pois/Air       2%         N/A       100%        2
 Hailstorm                Conj/Ice       8%         3d4       100%        3
 Inner Flame              Hex/Fire       1%         N/A       100%        3
 Mephitic Cloud           Conj/Pois/Air  6%         N/A       100%        3
 Vhi's Electric Charge    Tloc/Air       2%         N/A       100%        3
 Flame Wave               Conj/Fire      8%         2d5       100%        4
 Sticky Flame             Conj/Fire      8%         2d3       100%        4
 Arcjolt                  Conj/Air       4%         1d14      100%        5
 Lightning Bolt           Conj/Air       4%         1d15      100%        5
 Borgnjor's Revivificati  Necr           0%         N/A       100%        8
 Necromutation            Tmut/Necr      0%         N/A       100%        8
 Death's Door             Necr           0%         N/A       100%        9


Dungeon Overview and Level Annotations

Branches:
Dungeon (3/15)

Altars:
Fedhas
Okawaru

Shops:
D:2 *

Annotations:
D:3 Grinder


Message History

Grinder is lightly wounded.
You barely miss the adder. Grinder hits you but does no damage.
The adder barely misses you.
You hit Grinder.
Grinder is lightly wounded.
You hit the adder. The adder barely misses you. Grinder hits you.
* * * LOW HITPOINT WARNING * * *
You writhe in agony.
* * * LOW HITPOINT WARNING * * *
You barely miss Grinder. Your punch misses Grinder.
Grinder is lightly wounded.
You hit the adder but do no damage. The adder barely misses you.
Grinder gestures at you. Pain shoots through your body!
* * * LOW HITPOINT WARNING * * *
The adder completely misses you.
You feel much better. Grinder hits you.
You writhe in agony.
The adder bites you but does no damage.
It was a potion of curing.
You feel better. The adder bites you.
Grinder blinks!
It was a potion of brilliance.
You feel clever all of a sudden.
The adder bites you but does no damage. x2
It was a potion of degeneration.
There was something very wrong with that liquid.
You feel weakened.
You feel dopey.
You feel clumsy. The adder bites you.
You hit the adder.
You kill the adder!
Okawaru accepts your kill. Grinder gestures at you.
Pain shoots through your body! Grinder hits you.
* * * LOW HITPOINT WARNING * * *
You writhe in agony.
* * * LOW HITPOINT WARNING * * *
You hit Grinder.
Grinder is lightly wounded.
Grinder hits you!
You die...

##################
#............)....
#######.################
#..............
#.#####@#..#### #5#.....
#.# ###.# #.# # #.# #..
###


You could see Grinder.

Vanquished Creatures
  3 gnolls (D:3)
  3 adders
  A worm (D:3)
  9 bats
  6 endoplasms
  4 giant cockroaches
  4 goblins
  A hobgoblin (D:3)
  4 kobolds
  A quokka (D:2)
  5 ball pythons
  9 rats
50 creatures vanquished.

Notes
Turn   | Place    | Note
-------+----------+-------------------------------------------
     0 | D:1      | koil the Hill Orc Reaver began the quest for the Orb.
     0 | D:1      | Reached XP level 1. HP: 18/18 MP: 3/3
   110 | D:1      | Reached XP level 2. HP: 25/25 MP: 4/4
   533 | D:1      | Reached XP level 3. HP: 29/30 MP: 5/5
   654 | D:1      | Found a faded altar of an unknown god.
   660 | D:1      | You fall into a shaft and drop 1 floor!
   998 | D:2      | Reached skill level 1 in Armour
  1244 | D:2      | Found Vyngauj's General Store.
  1255 | D:2      | Bought a potion of heal wounds for 60 gold pieces
  1644 | D:3      | Found a blossoming altar of Fedhas.
  1650 | D:3      | Reached XP level 4. HP: 34/38 MP: 6/6
  1733 | D:3      | Found an iron altar of Okawaru.
  1741 | D:3      | Became a worshipper of Warmaster Okawaru
  1861 | D:3      | HP: 7/38 [gnoll/+0 flail (3)]
  1866 | D:3      | HP: 4/38 [gnoll/+0 flail (2)]
  2082 | D:3      | Noticed Grinder
  2137 | D:3      | HP: 6/38 [Grinder (4)]
  2145 | D:3      | Slain by Grinder

Illustrated notes

Levels and vault maps discovered:
D:1:      doesnt_arrival_eight_statues, layout_basic,
          hellmonk_ecumenical_altar_arch_garden, grunt_decor_resistance
D:2:      layout_loops_ring, serial_shops, nicolae_lakefront_shop
D:3:      layout_basic, nicolae_overflow_crystal_walls, fiery_altar_vehumet,
          mainiacjoe_overflow_paths, chequers_serial_rivers_micro_b,
          chequers_serial_rivers_small_b, uniq_grinder

Skill      XL: |  1  2  3  4 |
---------------+-------------+-----
Dodging        | 2 |  2.2
Fighting       | 3 |  3.3
Armour         | 1 |  1.3
Spellcasting   | 2 |  2.0
Axes           | |  4.6
Conjurations   | |  3.4
Invocations    | |  0.6

Action                   |  1- 3 |  4- 6 || total
-------------------------+-------+-------++-------
Melee: Hand axe          |    64 |    64 ||   128
       Punch             |       |     2 ||     2
 Fire: Sling             |    82 |       ||    82
  Use: Potion            |       |     6 ||     6
Armor: Leather armour    |     9 |       ||     9
       Ring mail         |    42 |       ||    42
       Chain mail        |    28 |    35 ||    63
Dodge: Dodged            |    90 |    35 ||   125

Table legend: (Time is in decaauts)
 A = Elapsed time spent in this place.
 B = Non-inter-level travel time spent in this place.
 C = Inter-level travel time spent in this place.
 D = Time resting spent in this place.
 E = Time spent auto-exploring this place.
 F = Levels seen in this place.
 G = Mean time per level.
                   A        B        C        D        E       F      G
               +--------+--------+--------+--------+--------+-----+--------+
         Total |   2199 |   2187 |     12 |      0 |   1624 |   3 |  733.0 |
       Dungeon |   2199 |   2187 |     12 |      0 |   1624 |   3 |  733.0 |
               +--------+--------+--------+--------+--------+-----+--------+

Top non-repeatable levels by time:
     D:2: 988 daAuts
     D:1: 665 daAuts
     D:3: 545 daAuts
